 Dungeon Crawl Stone Soup version 0.31.0-9-g3a7656b989 (webtiles) character file.

Game seed: 3681799963881580932

494 qw the Shooter (level 6, 0/30 HPs)
             Began as a Spriggan Hunter on Feb 2, 2024.
             Slain by a sleepcap (1 damage)
             ... on level 4 of the Dungeon.
             The game lasted 00:00:15 (2823 turns).

qw the Shooter (Spriggan Hunter)                    Turns: 2823, Time: 00:00:16

Health: 0/30       AC:  2    Str:  7    XL:     6   Next: 92%
Magic:  7/7        EV: 18    Int: 11    God:
Gold:   48         SH:  0    Dex: 20    Spells: 5/5 levels left

rFire   . . .        a - +3 shortbow
rCold   . . .        (shield currently unavailable)
rNeg    . . .        c - +0 robe
rPois   .            (helmet restricted)
rElec   .            (no cloak)
rCorr   .            (gloves unavailable)
SInv    +            (boots unavailable)
Will    +....        (no amulet)
Stlth   ++           (no ring)
HPRegen 0.25/turn    (no ring)
MPRegen 0.10/turn

%: no passive effects
@: grasped by roots, constricted, very quick
A: very small, no large weapons, unfitting armour, see invisible, speed 3
a: no special abilities


You were on level 4 of the Dungeon.
You visited 1 branch of the dungeon, and saw 4 of its levels.

You collected 84 gold pieces.
You spent 36 gold pieces at shops.


Innate Abilities, Weirdness & Mutations

You are very small and have problems with some larger weapons.
You are too small for most types of armour.
You have supernaturally acute eyesight. (SInv)
You cover ground extremely quickly. (Speed+++)


   Skills:
 - Level 2.0 Fighting
 + Level 6.9 Ranged Weapons
 - Level 6.2 Dodging
 - Level 1.5 Stealth


You had 5 spell levels left.
You didn't know any spells.
Your spell library was empty.

Inventory:

Hand Weapons
 a - a +3 shortbow (weapon)
Armour
 c - a +0 robe (worn)
Wands
 f - a wand of digging (7)
Potions
 d - 2 potions of curing

Dungeon Overview and Level Annotations

Branches:
Dungeon (4/15)
 Temple: D:4-7

Altars:
Elyvilon

Shops:
D:2 !


Message History

You shoot an arrow. The arrow hits the phantom.
The phantom is almost destroyed.
The phantom closely misses you.
You shoot an arrow. The arrow barely misses the phantom.
The phantom completely misses you.
You shoot an arrow. The arrow hits the phantom.
You destroy the phantom!
You start resting.
HP restored.
Enter note:
Enter note:
Enter note:
There is a stone staircase leading down, spattered with blood here.
You climb downwards.
The gnoll bouda barks out a call to the hunt!
The gnoll picks up the pace!
The sleepcap misses you. The sleepcap completely misses you.
The gnoll bouda hits you with a +0 whip.
The orc shouts!
You hear a bark!
There is a stone staircase leading up, spattered with blood here.
2821 ||| STAIRDANCE You hear a shout!
The gnoll hits you from afar with a +0 spear.
The gnoll bouda completely misses you. The sleepcap releases spores at you.
You are engulfed in a cloud of soporific spores!
You fall asleep.
You stop ascending the stairs.
The orc zaps a wand.
The roots erupt in riotous growth!
The orc is unaffected. x2
The grasping roots grab you! The grasping roots constrict you.
You wake up.
You shoot an arrow.
The arrow hits the sleepcap but does no damage.
The gnoll hits you from afar with a +0 spear.
The grasping roots constrict you. The gnoll bouda barely misses you.
The sleepcap closely misses you. The orc closely misses you.
You shoot an arrow. The arrow hits the sleepcap.
The sleepcap is lightly damaged.
The gnoll hits you from afar with a +0 spear.
The orc misses you. The orc hits you with a +0 dagger.
The grasping roots constrict you. The sleepcap releases spores at you.
You die...

...#.......#
.......g...
..........##
...........#
...........#
.....g.....#
#.....f.#
#...o@g#
#...o.##
....<...#
#.......#
#.#.....# #
#.....h
#......
#......


You could see a sleepcap, a gnoll bouda, a hound, 2 gnolls and 2 orcs.

Vanquished Creatures
  Sigmund (D:3)
  A phantom (D:3)
  An orc priest (D:3)
  An iguana (D:3)
  An orc wizard (D:3)
  Robin (D:3)
  2 gnolls
  2 river rats (D:3)
  3 adders
  3 dart slugs
  A ribbon worm (D:3)
  8 orcs (D:3)
  4 bats
  7 endoplasms
  7 giant cockroaches
  16 goblins
  5 hobgoblins
  3 quokkas
  5 ball pythons
  6 frilled lizards
  7 kobolds
  10 rats
95 creatures vanquished.

Notes
Turn   | Place    | Note
-------+----------+-------------------------------------------
     0 | D:1      | qw the Spriggan Hunter began the quest for the Orb.
     0 | D:1      | Reached XP level 1. HP: 10/10 MP: 2/2
     0 | D:1      | 0 ||| qw: Version: 0.3-a-155-g5e7d8dd
     0 | D:1      | 0 ||| qw: Game counter: 652
     0 | D:1      | 0 ||| qw: Melee chars always use a shield: true
     0 | D:1      | 0 ||| qw: God list: Okawaru
     0 | D:1      | 0 ||| qw: Allow faded altars: false
     0 | D:1      | 0 ||| qw: Do Orc after clearing Dungeon:15 true
     0 | D:1      | 0 ||| qw: Do second Lair branch before Depths: true
     0 | D:1      | 0 ||| qw: Lair rune preference: random
     0 | D:1      | 0 ||| qw: Goals: Normal
     0 | D:1      | 0 ||| PLANNING D:1-11
    39 | D:1      | Reached skill level 3 in Dodging
    86 | D:1      | Reached XP level 2. HP: 11/14 MP: 3/3
   294 | D:1      | Reached XP level 3. HP: 18/18 MP: 4/4
   734 | D:1      | 734 ||| DROPPING ring of magical power.
   735 | D:1      | 735 ||| READING 2 scrolls labelled ZIFAUSK KABBU.
   735 | D:1      | 735 ||| IDENTIFYING emerald potion
   736 | D:1      | 736 ||| READING scroll of identify.
   736 | D:1      | 736 ||| IDENTIFYING black potion
   737 | D:1      | 737 ||| READING 2 scrolls labelled UCE DI DADOZXI.
   838 | D:1      | 838 ||| READING scroll labelled ZUYFELE YRCHEKA.
   842 | D:1      | 842 ||| READING scroll labelled ESYHOGOTSU.
   943 | D:1      | 943 ||| READING scroll labelled VOGYST VAKI.
   944 | D:1      | 944 ||| DROPPING scroll of butterflies.
   945 | D:1      | 945 ||| DROPPING potion of brilliance.
   946 | D:1      | 946 ||| DROPPING scroll of silence.
   947 | D:1      | 947 ||| DROPPING potion of attraction.
  1051 | D:2      | Found Turemue's Distillery.
  1061 | D:2      | 1061 ||| BUYING potion of curing (36 gold).
  1061 | D:2      | Bought a potion of curing for 36 gold pieces
  1061 | D:2      | 1061 ||| SHOPLISTING potion of curing (36 gold, have 1).
  1061 | D:2      | 1061 ||| SHOPLISTING potion of haste (120 gold, have 1).
  1061 | D:2      | 1061 ||| SHOPLISTING potion of might (48 gold, have 1).
  1061 | D:2      | 1061 ||| SHOPLISTING potion of mutation (96 gold, have 1).
  1201 | D:2      | Found a faded altar of an unknown god.
  1233 | D:2      | Reached XP level 4. HP: 20/22 MP: 5/5
  1592 | D:2      | 1592 ||| DROPPING +6 ring of intelligence.
  1593 | D:2      | 1593 ||| READING scroll of identify.
  1593 | D:2      | 1593 ||| IDENTIFYING fuming brown potion
  1620 | D:3      | 1620 ||| PLANNING SEWER
  1661 | D:3      | Noticed Robin
  1663 | D:3      | 1663 ||| FLEEEEING.
  1673 | D:3      | 1673 ||| FLEEEEING.
  1674 | D:3      | 1674 ||| FLEEEEING.
  1675 | D:3      | 1675 ||| FLEEEEING.
  1676 | D:3      | 1676 ||| FLEEEEING.
  1677 | D:3      | 1677 ||| FLEEEEING.
  1680 | D:3      | 1680 ||| FLEEEEING.
  1755 | D:3      | Killed Robin
  1758 | D:3      | Found a white marble altar of Elyvilon.
  1833 | D:3      | Reached XP level 5. HP: 26/26 MP: 6/6
  1976 | D:3      | Noticed Sigmund
  1990 | D:3      | Killed Sigmund
  1991 | D:3      | Reached skill level 6 in Ranged Weapons
  1991 | D:3      | Reached XP level 6. HP: 14/30 MP: 7/7
  2192 | D:3      | 2192 ||| READING scroll of identify.
  2192 | D:3      | 2192 ||| IDENTIFYING sedimented yellow potion
  2193 | D:3      | 2193 ||| DROPPING potion of ambrosia.
  2230 | D:3      | 2230 ||| READING scroll labelled DINYCIRAPN.
  2230 | D:3      | 2230 ||| ENCHANTING +0 shortbow.
  2295 | D:3      | 2295 ||| READING 3 scrolls labelled UKKYIN PYMEKE.
  2295 | D:3      | 2295 ||| ENCHANTING +0 shortbow.
  2296 | D:3      | 2296 ||| READING 2 scrolls of enchant weapon.
  2296 | D:3      | 2296 ||| ENCHANTING +1 shortbow.
  2297 | D:3      | 2297 ||| READING scroll of enchant weapon.
  2297 | D:3      | 2297 ||| ENCHANTING +2 shortbow.
  2406 | D:3      | 2406 ||| RIP SEWER
  2436 | D:3      | 2436 ||| PLANNING D:1-11
  2505 | D:3      | 2505 ||| READING scroll labelled ZEKHEA NOINN.
  2561 | D:4      | 2561 ||| STAIRDANCE
  2577 | D:4      | 2577 ||| STAIRDANCE
  2673 | D:4      | 2673 ||| STAIRDANCE
  2676 | D:3      | HP: 2/30 [orc priest/+0 mace (7)]
  2677 | D:3      | 2677 ||| DRINKING potion of heal wounds.
  2680 | D:3      | Reached skill level 6 in Dodging
  2722 | D:4      | 2722 ||| STAIRDANCE
  2821 | D:4      | 2821 ||| STAIRDANCE
  2823 | D:4      | HP: 5/30 [gnoll/+0 spear[a gnoll bouda] (6)]
  2823 | D:4      | HP: 1/30 [constriction (3)]
  2823 | D:4      | Slain by a sleepcap

Levels and vault maps discovered:
D:1:      kennysheep_arrival_forest, layout_basic, minmay_circled_x
D:2:      minmay_skewed_foursquare, layout_basic,
          shapermc_ecumenical_altar_rom_forum, serial_shops,
          nicolae_shop_peninsula
D:3:      layout_basic, elyvilon_altar_5, portal_sewer_entry_e, minmay_puff,
          uniq_robin, uniq_sigmund
D:4:      layout_rooms

Skill      XL: |  1  2  3  4  5  6 |
---------------+-------------------+-----
Dodging        | 3 4 5 6 |  6.2
Ranged Weapons | 5 6 |  6.9
Fighting       | 2 |  2.0
Stealth        | |  1.5

Action                     |  1- 3 |  4- 6 || total
---------------------------+-------+-------++-------
   Fire: Shortbow          |   113 |   195 ||   308
    Use: Scroll            |     6 |     7 ||    13
         Potion            |       |     1 ||     1
 Armour: Robe              |    11 |    43 ||    54
  Dodge: Dodged            |    34 |   114 ||   148

Table legend:
 A = Non-vault XP
 B = Vault XP
 C = Vault XP percentage of total XP
 D = Non-vault monster count
 E = Vault monster count
 F = Vault count percentage of total count
                 A         B        C        D         E       F
            +---------+---------+-------+---------+---------+-------
      Total |     386 |     321 |  45.4 |      62 |      33 |  34.7
            +---------+---------+-------+---------+---------+-------
        D:1 |      48 |      10 |  17.2 |      22 |       4 |  15.4
        D:2 |      32 |      10 |  23.8 |      11 |       6 |  35.3
        D:3 |     306 |     301 |  49.6 |      29 |      23 |  44.2
            +---------+---------+-------+---------+---------+-------
